 Dungeon Crawl Stone Soup version 0.27.1-4-g1640c2035a (webtiles) character file.

Game seed: 5824073388394927788

632 BeingJoeMalik the Carver (level 7, 0/41 HPs)
             Began as a Tengu Fighter on Nov 1, 2021.
             Was a Priest of Elyvilon.
             Slain by an orc priest (2 damage)
             ... on level 3 of the Dungeon.
             The game lasted 00:09:41 (4643 turns).

BeingJoeMalik the Carver (Tengu Fighter)            Turns: 4643, Time: 00:09:43

Health: 0/41       AC:  9    Str: 16    XL:     7   Next: 49%
Magic:  8/8        EV: 11    Int:  8    God:    Elyvilon [***...]
Gold:   62         SH:  0    Dex: 16    Spells: 6/6 levels left

rFire    . . .     SeeInvis .   a - +1 long sword
rCold    . . .     Faith    .   (no shield)
rNeg     . . .     Spirit   .   b - +0 scale mail
rPois    .         Reflect  .   (helmet restricted)
rElec    .         Harm     .   u - +0 cloak
rCorr    .         Rampage  .   h - +0 pair of gloves
Will     .....                  (boots unavailable)
Stlth    ..........             (no amulet)
HPRegen  0.13/turn              (no ring)
MPRegen  0.11/turn              (no ring)

@: flying quickly and evasively, very slightly contaminated, invisible, quick
A: beak, talons 3, nimble flight
a: Renounce Religion, Lesser Healing, Heal Other, Purification, Divine
Protection


You were on level 3 of the Dungeon.
You worshipped Elyvilon.
Elyvilon was most pleased with you.
You visited 1 branch of the dungeon, and saw 4 of its levels.

You collected 62 gold pieces.

Inventory:

Hand Weapons
 a - a +1 long sword (weapon)
Missiles
 f - 30 poisoned darts (quivered)
Armour
 b - a +0 scale mail (worn)
 c - a +0 kite shield
 h - a +0 pair of gloves (worn)
 u - a +0 cloak (worn)
Jewellery
 p - a ring of fire
Scrolls
 k - a scroll of amnesia
 l - a scroll of vulnerability
 r - a scroll of enchant weapon
Potions
 d - a potion of haste
 e - a potion of heal wounds {unknown}
 j - a potion of cancellation {unknown}
 q - a potion of ambrosia {unknown}
 t - a potion of attraction {unknown}


   Skills:
 - Level 3.0 Fighting
 + Level 8.9 Long Blades
 - Level 3.2 Armour
 - Level 3.0 Shields


You had 6 spell levels left.
You didn't know any spells.
Your spell library contained the following spells:

 Spells                   Type           Power      Damage    Failure   Level
 Foxfire                  Conj/Fire      0%         2x1d4     83%         1
 Conjure Flame            Conj/Fire      0%         6-21      99%         3
 Inner Flame              Hex/Fire       0%         N/A       99%         3


Dungeon Overview and Level Annotations

Branches:
Dungeon (4/15)
 Temple: D:4-7

Altars:
Elyvilon

Shops:
D:1 [


Innate Abilities, Weirdness & Mutations

You have a beak for a mouth.
You have claws for feet.
Your magical nature lets you fly swiftly and evasively.


Message History

You start resting.
An orc priest is nearby!
You closely miss the orc priest. The orc barely misses you.
You riposte.
You barely miss the orc. You claw the orc, but do no damage.
The orc priest hits you with a +0 mace.
You barely miss the orc priest. Your kick misses the orc priest.
You peck the orc priest.
The orc priest is moderately wounded.
The orc hits you but does no damage.
The orc priest invokes the aid of Beogh against you.
Beogh smites you!
You slash the orc priest!
You claw the orc priest, but do no damage.
The orc priest is severely wounded.
The orc misses you.
The orc priest mumbles some strange prayers to Beogh against you.
Pain shoots through your body!
* * * LOW HITPOINT WARNING * * *
Okay, then.
Unknown command.
You hit the orc priest but do no damage.
Your kick misses the orc priest. Your peck misses the orc priest.
The orc priest is severely wounded.
The orc hits you but does no damage.
The orc priest calls down the wrath of Beogh upon you.
Pain shoots through your body!
* * * LOW HITPOINT WARNING * * *
Unknown command.
You fade into invisibility!
The orc hits you but does no damage. The orc priest hits you with a +0 mace.
* * * LOW HITPOINT WARNING * * *
You are very lightly contaminated with residual magic.
Unknown command.
You hit the orc priest but do no damage.
Your kick misses the orc priest. You peck the orc priest.
The orc priest is almost dead.
The orc hits you with a +0 short sword.
* * * LOW HITPOINT WARNING * * *
The orc priest hits you with a +0 mace.
You die...

.#.########..# #.# ....o
.#.#.........# #.# ..o.
.#.#.#####.#.# #.# ...
.#.#...# #.#.####.# ..
.#.###.# #......#.# # .#.#
#.# #......#.#
.#.###.###......#o#
.).......#......#o########
.#.#######...#.#@o.......#
.#.......................#
.#########...#.#.........#
.........#...#..#.###.####
..######.######.#.# #.#
..####.#.######.#.#
#.######
.......#.#......#.#
#..)...#####
#.####.#.#........#
#..#........
.......#.#........#
#..+........


You could see an orc priest and 2 orcs.

Vanquished Creatures
  Grinder (D:3)
  A phantom (D:4)
  A scorpion (D:4)
  2 orc priests (D:4)
  A centaur skeleton (D:2)
  Ijyb (D:4)
  Natasha (D:3)
  An orc wizard (D:4)
  2 adders
  An adder skeleton (D:4)
  A worm (D:3)
  4 dart slugs
  6 orcs
  9 ball pythons
  7 endoplasms
  9 giant cockroaches
  8 goblins
  6 hobgoblins
  3 jackals (D:1)
  A quokka (D:1)
  6 bats
  3 frilled lizards
  6 kobolds
  8 rats
89 creatures vanquished.

Notes
Turn   | Place    | Note
-------+----------+-------------------------------------------
     0 | D:1      | BeingJoeMalik the Tengu Fighter began the quest for the
                  | Orb.
     0 | D:1      | Reached XP level 1. HP: 14/14 MP: 2/2
   287 | D:1      | Reached XP level 2. HP: 19/19 MP: 3/3
   306 | D:1      | Reached skill level 3 in Long Blades
   454 | D:1      | Found a faded altar of an unknown god.
   462 | D:1      | Became a worshipper of Elyvilon the Healer
   462 | D:1      | Reached * piety under Elyvilon
   877 | D:1      | Reached XP level 3. HP: 23/23 MP: 4/4
   941 | D:1      | Reached skill level 4 in Long Blades
  1377 | D:1      | Reached ** piety under Elyvilon
  1410 | D:1      | Found Zobraoxy's Armour Boutique.
  1512 | D:2      | Reached XP level 4. HP: 24/28 MP: 5/5
  1590 | D:2      | Reached skill level 5 in Long Blades
  2793 | D:3      | Gained mutation: Your magical nature lets you fly swiftly
                  | and evasively. [Tengu growth]
  2793 | D:3      | Reached XP level 5. HP: 32/32 MP: 6/6
  3086 | D:4      | Noticed Ijyb
  3088 | D:4      | Noticed a phantom
  3115 | D:4      | Killed Ijyb
  3121 | D:4      | Killed a phantom
  3122 | D:4      | Reached skill level 6 in Long Blades
  3122 | D:4      | Reached XP level 6. HP: 18/37 MP: 7/7
  3322 | D:4      | Reached skill level 7 in Long Blades
  3980 | D:4      | Noticed an orc warrior
  4195 | D:3      | Noticed Grinder
  4204 | D:3      | Killed Grinder
  4205 | D:3      | Reached skill level 8 in Long Blades
  4205 | D:3      | Reached XP level 7. HP: 30/41 MP: 8/8
  4360 | D:3      | Noticed Natasha
  4367 | D:3      | Killed Natasha
  4489 | D:3      | Reached *** piety under Elyvilon
  4643 | D:3      | HP: 2/41 [orc (5)]
  4643 | D:3      | Slain by an orc priest

Illustrated notes

Levels and vault maps discovered:
D:1:      dpeg_arrival_brainrot, layout_loops_corners, serial_shops,
          nicolae_lakefront_shop, ebering_ecumenical_altar_mist
D:2:      layout_loops_ring, serial_forest, infiniplex_forest_clump_diagonal,
          infiniplex_forest_clump_tiny, infiniplex_forest_clump_medium,
          infiniplex_forest_lined_corner
D:3:      layout_basic, minivault_23, uniq_robin, uniq_grinder, uniq_natasha
D:4:      layout_rooms, uniq_ijyb

Skill      XL: |  1  2  3  4  5  6 |
---------------+-------------------+-----
Long Blades    | 3 4 5 6 8 |  8.9
Fighting       | |  3.0
Armour         | |  3.2
Shields        | |  3.0

Action                   |  1- 3 |  4- 6 |  7- 9 || total
-------------------------+-------+-------+-------++-------
Melee: Long sword        |    71 |    93 |    15 ||   179
       Peck              |     9 |    27 |     3 ||    39
       Kick              |    11 |    32 |     4 ||    47
Throw: Dart              |       |     1 |       ||     1
  Use: Potion            |       |     3 |     1 ||     4
       Scroll            |       |     9 |       ||     9
Armor: Scale mail        |    40 |    38 |     7 ||    85
Dodge: Dodged            |    33 |    54 |     5 ||    92
       Rpst.: Long sword |     7 |    20 |     2 ||    29
